cohdb
Replays
Latest Replays
All Replays
Popular Replays
Top Player Replays
Match Explorer
How It Works
Community
CoH3 Stats
Reddit
Sign in to upload your games and track your stats! →
Sign in with Steam
Match 42074081
Unlisted
Match 42074081
Overview
Messages
Build Orders
End
Kradschützen Motorcycle Team
Panzergrenadier Squad
Panzergrenadier Squad
250 Light Carrier
Panzergrenadier Squad
Construct Light Support Kompanie
Combat Half-tracks
Construct Mechanized Kompanie
Panzerjäger Mechanized Group
Vehicle Survival Package
8 Rad Armored Car
8 Rad Armored Car
Selects Armored Support Battlegroup
Selects Veteran Gunners
Tungsten Core Ammunition
Assault Mechanized Group
Construct Panzerarmee Kommand
Emergency Repair Kits
Selects Salvage Kits
Armored Reserves
Tiger Heavy Tank
Selects Flammpanzer III Medium Tank
Selects Command Panzer IV F Medium Tank
Rapid Advance
254 Reconnaissance Tractor
Selects Panzer Storm
Selects Stuka Dive Bomb
(502) Bad Gateway
JISA_leb
0
0
Comments
sign in to comment!
No comments posted yet!